 Dungeon Crawl Stone Soup version 0.23.0-28-g6fe0f4d (webtiles) character file.

Game seed: 0

372 scarywalker64 the Magician (level 6, -4/34 HPs)
             Began as a Gargoyle Wizard on Feb 25, 2019.
             Killed from afar by Ijyb (14 damage)
             ... with a wand of acid (5)
             ... on level 4 of the Dungeon.
             The game lasted 00:19:47 (4441 turns).

scarywalker64 the Magician (Gargoyle Wizard)        Turns: 4441, Time: 00:19:47

Health: -4/34      AC:  9    Str: 10    XL:     6   Next: 71%
Magic:  13/13      EV: 12    Int: 21    God:
Gold:   118        SH:  3    Dex:  8    Spells: 7/15 levels left

rFire    . . .     SeeInvis .   z - +0 spear
rCold    . . .     Gourm    .   q - +0 buckler
rNeg     + . .     Faith    .   A - +1 animal skin
rPois    ∞         Spirit   .   v - +0 helmet
rElec    +         Reflect  .   l - +0 cloak
rCorr    .         Harm     .   (no gloves)
MR       .....     Rnd*Tele +   (no boots)
Stlth    ++........             r - amulet of regeneration
HPRegen  0.51/turn              w - ring of teleportation (curse)
MPRegen  0.13/turn              (no ring)

@: no status effects
A: negative energy resistance 1, electricity resistance, unbreathing,
petrification resistance, rot immunity, AC +4
a: no special abilities


You were on level 4 of the Dungeon.
You were hungry.

You visited 1 branch of the dungeon, and saw 4 of its levels.

You collected 118 gold pieces.

Inventory:

Hand Weapons
 z - a +0 spear (weapon)
Missiles
 b - 180 stones (quivered)
 h - 48 sling bullets
 j - 96 arrows
 p - 12 bolts
Armour
 l - a +0 cloak (worn)
 o - a +0 large shield
 q - a +0 buckler (worn)
 v - a +0 helmet (worn)
 A - a +1 animal skin (worn)
Jewellery
 r - an amulet of regeneration (around neck)
 w - a cursed ring of teleportation (left hand)
Scrolls
 a - a scroll of fear {unknown}
 e - 5 scrolls of identify
 k - 2 scrolls of teleportation {unknown}
 s - a scroll of amnesia {unknown}
 u - a scroll of blinking {unknown}
 y - 2 scrolls of remove curse {unknown}
Potions
 f - a potion of brilliance
 g - 4 potions of curing {unknown}
 i - a potion of degeneration {unknown}
 m - a potion of magic
 n - 3 potions of agility
 t - a potion of flight
 x - a potion of invisibility
Comestibles
 d - 3 rations


   Skills:
 * Level 1.5 Fighting
 + Level 2.9 Dodging
 + Level 3.0 Stealth
 + Level 1.6 Shields
 * Level 5.0 Spellcasting
 + Level 2.2 Conjurations
 + Level 0.8 Summonings
 + Level 0.9 Translocations
 + Level 0.4 Air Magic
 + Level 0.8 Poison Magic


You had 7 spell levels left.
You knew the following spells:

 Your Spells              Type           Power        Failure   Level  Hunger
a - Magic Dart            Conj           ##..         6%          1    None
b - Blink                 Tloc           N/A          14%         2    None
c - Call Imp              Summ           #.......     16%         2    None
d - Mephitic Cloud        Conj/Pois/Air  ##......     26%         3    ##.....

Your spell library contained the following spells:

 Spells                   Type           Power        Failure   Level  Hunger
 Slow                     Hex            #.......     22%         2    None
 Conjure Flame            Conj/Fire      #.......     26%         3    ##.....


Dungeon Overview and Level Annotations

Branches:
Dungeon (4/15)
 Temple: D:4-7

Altars:
Nemelex Xobeh

Shops:
D:4 }

Annotations:
D:3 1 transporter
D:4 Ijyb


Innate Abilities, Weirdness & Mutations

You are resistant to torment.
Your stone body is resilient. (AC +4)
You are immune to poison.
You resist negative energy. (rN+)
You are resistant to electric shocks. (rElec)
You can survive without breathing.
You are immune to petrification.
You are immune to rotting.


Message History

a - a scroll labeled TEEBIWKO NUTE
b - 180 stones (gained 11)
Found a large shield.
You see here a large shield.
o - a large shield All of the chunks of flesh in your inventory have rotted away.
Found a spear.
You are feeling hungry.
Found a stone staircase leading down.
e - 5 scrolls of identify (gained 1) Ijyb the Twisted Goblin comes into view.
She is carrying a wand of acid (6).
Found a ration.
The helpless Ijyb fails to defend herself.
You hit Ijyb but do no damage.
Ijyb zaps a wand.
The bolt of acid hits you!
You are splashed with acid!
You hit Ijyb but do no damage. Ijyb hits you.
* * * LOW HITPOINT WARNING * * *
Ijyb hits you but does no damage.
You hit Ijyb but do no damage.
Ijyb zaps a wand.
The bolt of acid hits you!
You die...

#
#........##.##.#
#
#........##.##.#
#
#........##<##.#
#
#........#####.#
# #........# #.#
#
#........#####.#
#
#####.###......#
# ##....(.# #
.......@# #
%......g# #
.......## #
..##### # .. # #
# #


You could see Ijyb.

Vanquished Creatures
  A scorpion (D:3)
  2 hounds (D:4)
  An orc wizard (D:2)
  2 worker ants (D:4)
  Robin (D:4)
  A worker ant zombie (D:4)
  4 gnolls
  5 adders
  A worm (D:2)
  4 dart slugs
  4 leopard geckos
  2 orcs (D:2)
  5 giant cockroaches
  13 goblins
  5 hobgoblins
  10 jackals
  3 bats
  4 frilled lizards
  A jackal skeleton (D:4)
  7 kobolds
  3 rats
79 creatures vanquished.

Vanquished Creatures (collateral kills)
  A worker ant (D:4)
1 creature vanquished.

Grand Total: 80 creatures vanquished

Notes
Turn   | Place    | Note
-------+----------+-------------------------------------------
     0 | D:1      | scarywalker64 the Gargoyle Wizard began the quest for the
                  | Orb.
     0 | D:1      | Reached XP level 1. HP: 10/10 MP: 4/4
   308 | D:1      | Reached XP level 2. HP: 15/15 MP: 4/6
  1384 | D:2      | Reached XP level 3. HP: 19/19 MP: 1/8
  1494 | D:2      | Learned a level 2 spell: Blink
  1497 | D:2      | Learned a level 2 spell: Call Imp
  1501 | D:2      | Learned a level 3 spell: Mephitic Cloud
  1985 | D:2      | Reached skill level 4 in Spellcasting
  2571 | D:2      | Reached XP level 4. HP: 24/24 MP: 0/10
  3181 | D:2      | Reached XP level 5. HP: 26/28 MP: 2/11
  3196 | D:2      | Reached skill level 1 in Shields
  3346 | D:3      | Found a sparkling altar of Nemelex Xobeh.
  3346 | D:3      | Found a transporter.
  3739 | D:4      | Noticed Robin
  3876 | D:4      | Found Jeitub's Gadget Shoppe.
  3926 | D:4      | Reached skill level 1 in Fighting
  3926 | D:4      | Reached XP level 6. HP: 18/34 MP: 13/13
  4109 | D:4      | Killed Robin
  4115 | D:4      | Reached skill level 5 in Spellcasting
  4432 | D:4      | Noticed Ijyb
  4441 | D:4      | Killed from afar by Ijyb

Skill      XL: |  1  2  3  4  5  6 |
---------------+-------------------+-----
Spellcasting   | 4 5 |  5.0
Shields        | 1 |  1.6
Dodging        | 2 |  2.9
Conjurations   | 2 |  2.2
Fighting       | 1 |  1.5
Stealth        | 3 |  3.0
Summonings     | |  0.8
Translocations | |  0.9
Air Magic      | |  0.4
Poison Magic   | |  0.8

Action                   |  1- 3 |  4- 6 || total
-------------------------+-------+-------++-------
Melee: Dagger            |    40 |       ||    40
       Short sword       |    44 |   342 ||   386
       Spear             |       |     7 ||     7
 Cast: Magic Dart        |   106 |    21 ||   127
       Mephitic Cloud    |       |     9 ||     9
       Blink             |       |     3 ||     3
       Call Imp          |       |     1 ||     1
  Use: Scroll            |       |     9 ||     9
 Stab: Confused          |       |     4 ||     4
       Sleeping          |       |     1 ||     1
  Eat: Chunk             |     5 |     8 ||    13
Armor: Robe              |    36 |   148 ||   184
       Animal skin       |       |     4 ||     4
Dodge: Dodged            |    64 |   208 ||   272
Block: Buckler           |     6 |    45 ||    51
